 Dungeon Crawl Stone Soup version 0.23-a0-844-gdc03e01 (webtiles) character file.

4230 Amnesiac the Geomancer (level 10, 43/43 HPs)
             Began as a Felid Earth Elementalist on Jan 26, 2019.
             Was a High Priest of Vehumet.
             Quit the game on level 9 of the Dungeon.
             The game lasted 00:21:38 (10696 turns).

Amnesiac the Geomancer (Felid Earth Elementalist)  Turns: 10696, Time: 00:21:39

Health: 43/43      AC:  6    Str:  4    XL:     10   Next: 9%
Magic:  23/23      EV: 24    Int: 20    God:    Vehumet [*****.]
Gold:   466        SH:  0    Dex: 19    Spells: 13/25 levels left
                                        Lives:  1   Deaths: 1

rFire    . . .     SeeInvis +     - Unarmed
rCold    . . .     Gourm    .   (shield unavailable)
rNeg     . . .     Faith    .   (armour unavailable)
rPois    .         Spirit   .   (helmet unavailable)
rElec    .         Reflect  .   (cloak unavailable)
rCorr    .         Harm     .   (gloves unavailable)
MR       +....                  (boots unavailable)
Stlth    ++++......             (no amulet)
HPRegen  0.14/turn              g - +4 ring of protection
MPRegen  0.18/turn              d - +2 ring of dexterity

@: quick
A: very small, no armour, no weapons or thrown items, stealth, claws 1, fangs 3,
see invisible, carnivore, speed 1, shaggy fur 2, slow metabolism 1, sharp paws
a: Renounce Religion


You were on level 9 of the Dungeon.
You worshipped Vehumet.
Vehumet was extremely pleased with you.
You were not hungry.

You visited 2 branches of the dungeon, and saw 10 of its levels.
You also visited: Ossuary.

You collected 466 gold pieces.

Inventory:

Missiles
 b - 44 stones
Jewellery
 d - a +2 ring of dexterity (right paw)
 g - a +4 ring of protection (left paw)
 I - a +5 ring of protection
Wands
 k - a wand of paralysis (15)
 y - a wand of digging (10)
 z - a wand of iceblast (9)
 C - a wand of disintegration (12)
 E - a wand of flame (34)
 F - a wand of polymorph (7)
Scrolls
 e - 4 scrolls of blinking {!r, unknown}
 f - 3 scrolls of amnesia {!r, unknown}
 h - 4 scrolls of identify {!r}
 j - a scroll of vulnerability {!r, unknown}
 l - 6 scrolls of teleportation {!r}
 m - 7 scrolls of remove curse {!r}
 p - 2 scrolls of enchant armour {!r, unknown}
 q - 2 scrolls of noise {!r, unknown}
 r - 2 scrolls of magic mapping {!r, unknown}
 t - 2 scrolls of fog {!r, unknown}
 w - 2 scrolls of random uselessness {!r, unknown}
 G - a scroll of fear {!r, unknown}
 H - a scroll of enchant weapon {!r, unknown}
Potions
 a - a potion of heal wounds {!q, unknown}
 i - 8 potions of curing {!q, unknown}
 n - 2 potions of mutation {!q}
 o - a potion of magic {!q, unknown}
 s - 2 potions of degeneration {!q, unknown}
 u - 2 potions of might {!q, unknown}
 v - a potion of ambrosia {!q, unknown}
 x - 3 potions of haste {!q, unknown}
 A - 4 potions of lignification {!q, unknown}
 B - a potion of cancellation {!q, unknown}
 D - 2 potions of brilliance {!q, unknown}
Comestibles
 c - 13 rations
 J - 11 chunks of flesh


   Skills:
 - Level 4.2 Fighting
 - Level 8.0 Dodging
 + Level 5.7 Stealth
 - Level 3.0 Unarmed Combat
 + Level 8.1 Spellcasting
 - Level 2.0 Transmutations
 * Level 11.3 Earth Magic


You had 13 spell levels left.
You knew the following spells:

 Your Spells              Type           Power        Failure   Level  Hunger
a - Sandblast             Erth           ######       1%          1    None
b - Passwall              Tmut/Erth      ####....     1%          2    None
d - Lee's Rapid Deconstr  Erth           ######....   1%          5    #####..
e - Petrify               Tmut/Erth      ####....     5%          4    ###....

Your spell library contained the following spells:

 Spells                   Type           Power        Failure   Level  Hunger
 Iskenderun's Mystic Bla  Conj           #.......     21%         4    ###....
 Stone Arrow              Conj/Erth      ####..       1%          3    None


Dungeon Overview and Level Annotations

Branches:
Dungeon (9/15)             Temple (1/1) D:6
   Lair: D:8-11         Orc: D:9-12

Altars:
Ashenzari
Cheibriados
Dithmenos
Elyvilon
Fedhas
Gozag
Hepliaklqana
Kikubaaqudgha
Makhleb
Nemelex Xobeh
Okawaru
Qazlal
Ru
Trog
Uskayaw
Vehumet
Wu Jian
Xom
Yredelemnul
Zin
The Shining One
Beogh

Shops:
D:5 (   D:7 (

Annotations:
D:4 3 runed doors, Zanta616's ghost, amateur HuWn
D:9 2 transporters, Erolcha; Mgcat's ghost, novice MiCK


Innate Abilities, Weirdness & Mutations

You cannot wear armour.
You are incapable of wielding weapons or throwing items.
Your paws allow you to move quietly. (Stealth)
You have sharp claws.
You have razor-sharp teeth.
You have supernaturally acute eyesight. (SInv)
You are carnivorous and can eat meat at any time.
You cover ground quickly.
You are covered in thick fur. (AC +2)
You have a slow metabolism.
Your sharp claws are effective at attacking unaware monsters.


Message History

y - a wand of digging (10) (gained 8 charges)
Found a scale mail.
m - 7 scrolls of remove curse {!r} (gained 1)
Found 10 sling bullets.
You now have 466 gold pieces (gained 13).
Found a stone staircase leading down.
Erolcha the Cunning comes into view.
She is wielding a +0 giant spiked club.
Casting: Sandblast (safe; 1% risk of failure)
Confirm with . or Enter, or press ? or * to list all spells.
Aiming: Petrify (safe; 5% risk of failure)
Press: ? - help, Shift-Dir - straight line, f - Erolcha
Aim: Erolcha, wielding a +0 giant spiked club and wearing a +0 robe (hasn't noticed you, chance to defeat MR: 28%) Erolcha shouts!
Erolcha easily resists.
Unknown command.
Erolcha points at you and mumbles some strange words.
You resist with almost no effort.
Casting: Petrify (safe; 5% risk of failure)
Confirm with . or Enter, or press ? or * to list all spells.
Aiming: Petrify (safe; 5% risk of failure)
Press: ? - help, Shift-Dir - straight line, f/p - Erolcha
Aim: Erolcha, wielding a +0 giant spiked club and wearing a +0 robe (chance to defeat MR: 28%) Erolcha is moving more slowly.
You pounce on the unaware helpless Erolcha!
You mangle Erolcha!!
Erolcha is moderately wounded.
You pounce on the unaware helpless Erolcha!
You mangle Erolcha!!
Erolcha is heavily wounded.
You pounce on the unaware helpless Erolcha!
You mangle Erolcha!! You bite Erolcha, but do no damage.
Erolcha is severely wounded.
Erolcha is no longer petrified.
Erolcha hits you with a +0 giant spiked club!
You scratch Erolcha but do no damage.
Erolcha is severely wounded.
Casting: Petrify (safe; 5% risk of failure)
Confirm with . or Enter, or press ? or * to list all spells.
Aiming: Sandblast (safe; 1% risk of failure)
Press: ? - help, Shift-Dir - straight line, f/p - Erolcha
Aim: Erolcha, wielding a +0 giant spiked club and wearing a +0 robe (severely wounded)
The blast of sand hits Erolcha but does no damage.
Erolcha is severely wounded.
b - 45 stones Erolcha gestures wildly while chanting.
Erolcha seems to speed up.
Unknown command.
Casting: Sandblast (safe; 1% risk of failure)
Confirm with . or Enter, or press ? or * to list all spells.
Aiming: Sandblast (safe; 1% risk of failure)
Press: ? - help, Shift-Dir - straight line, f/p - Erolcha
Aim: Erolcha, wielding a +0 giant spiked club and wearing a +0 robe (severely wounded, fast)
The blast of sand hits Erolcha.
Erolcha is severely wounded.
b - 44 stones Erolcha casts a spell at you.
The crystal spear hits you!!!
Ouch! That really hurt!
You die...
Erolcha gestures at you while chanting. The crystal spear hits you!!
You are now level 10!
You rejoin the land of the living...
Are you sure you want to abandon this character and quit the game? (Confirm with "yes".)

#######(.#### #...#
#.#.## #.#..#
#.##.## #.##..# #
###.###.#
#.##########...###..
#..@................
############.##.....
......... #..######.
.. .. . ### # #


There were no monsters in sight!

Vanquished Creatures
  Gastronok (D:8)
  Erica (D:8)
  A two-headed ogre (D:8)
  Pikel (D:9)
  Maurice (D:8)
  A hippogriff (D:8)
  Sigmund (D:6)
  Duvessa (D:6)
  An ice beast (D:6)
  9 orc warriors
  4 slaves (D:9)
  A black bear (D:7)
  A sky beast (D:8)
  4 ogres
  2 necrophages
  2 centaurs (D:9)
  Blork the orc (D:5)
  4 bullfrogs
  Dowan (D:6)
  2 water moccasin zombies
  4 scorpions
  7 wights (D:8)
  2 howler monkeys
  A centaur zombie (D:7)
  3 bullfrog zombies
  5 crimson imps
  A quasit (D:7)
  2 jellies
  2 bullfrog skeletons
  2 hounds
  6 orc priests
  2 centaur skeletons
  An iguana (D:9)
  7 orc wizards
  3 worker ants
  A killer bee zombie (D:7)
  8 big kobold zombies (Ossuary)
  3 hound skeletons
  A mummy (Ossuary)
  12 adders
  An ooze (D:6)
  2 adder zombies
  2 adder skeletons (D:8)
  7 worms
  3 dart slugs
  2 leopard geckos (D:3)
  54 orcs
  A spectral bat (Ossuary)
  2 ball pythons
  4 bats
  4 giant cockroaches
  4 gnoll zombies (Ossuary)
  13 goblins
  8 hobgoblins
  24 jackals
  8 kobolds
  5 quokkas
  3 bat simulacra (Ossuary)
  2 frilled lizards
  3 goblin simulacra (Ossuary)
  4 goblin zombies (Ossuary)
  4 hobgoblin zombies (Ossuary)
  A jackal zombie (D:6)
  5 kobold simulacra (Ossuary)
  9 kobold zombies (Ossuary)
  An orc zombie (Ossuary)
  5 rats
  4 rat simulacra (Ossuary)
  4 spectral goblins (Ossuary)
  3 spectral kobolds (Ossuary)
  5 spectral rats (Ossuary)
310 creatures vanquished.

Notes
Turn   | Place    | Note
-------+----------+-------------------------------------------
     0 | D:1      | Amnesiac the Felid Earth Elementalist began the quest for
                  | the Orb.
     0 | D:1      | Reached XP level 1. HP: 7/7 MP: 4/4
   140 | D:2      | Reached skill level 3 in Earth Magic
   200 | D:2      | Reached XP level 2. HP: 11/11 MP: 4/6
   207 | D:2      | Learned a level 2 spell: Passwall
   263 | D:2      | Reached XP level 3. HP: 8/14 MP: 0/7
   668 | D:4      | Found a runed gate.
   668 | D:4      | Found a runed gate.
   668 | D:4      | Found a runed gate.
   713 | D:4      | Reached XP level 4. HP: 14/18 MP: 7/9
   732 | D:5      | Entered Level 5 of the Dungeon
   776 | D:5      | Reached skill level 4 in Earth Magic
   831 | D:5      | Reached skill level 1 in Unarmed Combat
   956 | D:5      | Found a shattered altar of Ashenzari.
  1200 | D:4      | Reached XP level 5. HP: 21/21 MP: 10/10
  1446 | D:4      | Found a shadowy altar of Dithmenos.
  1500 | D:4      | Noticed Zanta616's ghost (amateur HuWn)
  1506 | D:4      | Noticed a centaur
  1591 | D:4      | Learned a level 4 spell: Petrify
  1775 | D:5      | Found Tunes's Weapon Emporium.
  1821 | D:5      | Gained mutation: You are covered in thick fur. (AC +2)
                  | [Felid growth]
  1821 | D:5      | Reached XP level 6. HP: 24/24 MP: 7/12
  1833 | D:5      | Reached skill level 5 in Earth Magic
  1842 | D:5      | Learned a level 5 spell: Lee's Rapid Deconstruction
  2177 | D:6      | Found a shimmering altar of Xom.
  2316 | D:6      | Found a staircase to the Ecumenical Temple.
  2450 | D:6      | Noticed Dowan
  2451 | D:6      | Noticed an orc warrior
  2452 | D:6      | Noticed Duvessa
  2523 | Temple   | Entered the Ecumenical Temple
  2658 | Temple   | Became a worshipper of Vehumet
  2704 | D:6      | Reached skill level 5 in Stealth
  2743 | D:6      | Noticed an orc warrior
  2755 | D:6      | Reached XP level 7. HP: 27/27 MP: 8/14
  4174 | D:3      | Reached * piety under Vehumet
  4174 | D:3      | Offered knowledge of Freeze by Vehumet.
  4693 | D:3      | Reached skill level 6 in Earth Magic
  5149 | D:6      | Noticed Blork the orc
  5153 | D:6      | Reached ** piety under Vehumet
  5374 | D:5      | Killed Blork the orc
  5374 | D:5      | Reached XP level 8. HP: 31/31 MP: 11/15
  5447 | D:6      | Offered knowledge of Flame Tongue by Vehumet.
  5507 | D:6      | Noticed Sigmund
  5517 | D:6      | Killed Sigmund
  5535 | D:6      | Reached skill level 7 in Earth Magic
  5940 | D:6      | Reached skill level 5 in Spellcasting
  5944 | D:6      | Reached skill level 5 in Dodging
  6119 | D:6      | Killed Duvessa
  6293 | D:6      | Killed Dowan
  6393 | D:7      | Found Hyroaz's Weapon Shop.
  6430 | D:7      | Found a sand-covered staircase.
  6435 | Ossuary  | Entered an ossuary
  6582 | Ossuary  | Offered knowledge of Ignite Poison by Vehumet.
  6606 | Ossuary  | Reached skill level 8 in Earth Magic
  6609 | Ossuary  | Reached XP level 9. HP: 29/34 MP: 8/18
  6743 | Ossuary  | Reached *** piety under Vehumet
  6880 | Ossuary  | Offered knowledge of Dazzling Spray by Vehumet.
  7194 | D:7      | Reached **** piety under Vehumet
  7228 | D:7      | Offered knowledge of Bolt of Draining by Vehumet.
  8207 | D:8      | Reached skill level 9 in Earth Magic
  8263 | D:8      | Noticed Erica
  8278 | D:8      | Killed Erica
  8490 | D:8      | Reached XP level 10. HP: 34/38 MP: 15/21
  8515 | D:8      | Reached skill level 1 in Fighting
  8660 | D:8      | Found a sparkling altar of Nemelex Xobeh.
  8705 | D:8      | Noticed a two-headed ogre
  8719 | D:8      | Killed a two-headed ogre
  8719 | D:8      | Reached skill level 10 in Earth Magic
  8773 | D:8      | Noticed Gastronok
  9365 | D:8      | Reached ***** piety under Vehumet
  9366 | D:8      | Offered knowledge of Iskenderun's Mystic Blast by Vehumet.
  9611 | D:8      | Found a roughly hewn altar of Beogh.
  9658 | D:8      | Noticed Maurice
  9692 | D:8      | Killed Maurice
  9728 | D:8      | Found an ornate altar of the Wu Jian Council.
  9991 | D:8      | Killed Gastronok
  9991 | D:8      | Reached skill level 11 in Earth Magic
 10276 | D:9      | Reached XP level 11. HP: 20/46 MP: 2/24
 10466 | D:9      | Found a transporter.
 10520 | D:9      | Noticed Pikel
 10541 | D:9      | Killed Pikel
 10564 | D:9      | Found a transporter.
 10612 | D:9      | Noticed Mgcat's ghost (novice MiCK)
 10673 | D:9      | Noticed Erolcha
 10695 | D:9      | Killed from afar by Erolcha
 10696 | D:9      | Reached XP level 10. HP: -6/43 MP: 11/23
 10696 | D:9      | Quit the game

Vault maps used:
D:1:      dpeg_arrival_castle, chequers_serial_rivers_large_a
D:2:      first_ration
D:4:      overflow_temple_1_default, gammafunk_ghost_split
D:5:      ashenzari_altar_1, serial_shops, shop
D:6:      kennysheep_mini_moat, minmay_temple_entry_large_hall, uniq_duvessa,
          uniq_blork_the_orc, uniq_sigmund
D:7:      nicolae_ossuary_entry_false_entrances, serial_shops,
          nicolae_shop_trees
D:8:      lemuel_round_altar, nemelex_xobeh_ov_fountains_minmay, special_room,
          uniq_maurice, uniq_gastronok, uniq_erica
D:9:      lemuel_doored_altar, gammafunk_ghost_mausoleum, uniq_pikel,
          uniq_erolcha
Temple:   eino_temple_rhombus
Ossuary:  ossuary_zaba_two_paths

Skill      XL: |  1  2  3  4  5  6  7  8  9 10 |
---------------+-------------------------------+-----
Earth Magic    | 3 4 5 6 8 9 11 | 11.3
Stealth        | 3 4 5 |  5.7
Unarmed Combat | 1 2 3 |  3.0
Spellcasting   | 3 4 5 6 8 |  8.1
Dodging        | 4 6 8 |  8.0
Transmutations | 2 |  2.0
Fighting       | 4 |  4.2

Action                   |  1- 3 |  4- 6 |  7- 9 | 10-12 || total
-------------------------+-------+-------+-------+-------++-------
Melee: Unarmed           |    21 |   110 |   548 |   172 ||   851
       Bite              |     4 |    14 |    54 |    20 ||    92
       Punch             |       |     1 |     5 |     1 ||     7
 Cast: Sandblast         |    33 |    55 |    73 |    26 ||   187
       Passwall          |     2 |     1 |     1 |     1 ||     5
       Petrify           |       |     5 |    70 |    64 ||   139
       Lee's Rapid Decon |       |       |     3 |    10 ||    13
  Use: Scroll            |       |     3 |       |       ||     3
 Stab: Sleeping          |     2 |     4 |    30 |     1 ||    37
       Petrified         |       |     3 |    94 |    80 ||   177
       Petrifying        |       |     1 |    17 |     7 ||    25
       Distracted        |       |       |       |     1 ||     1
  Eat: Chunk             |     7 |     6 |    22 |    16 ||    51
Armor: Skin              |     1 |    27 |    45 |    13 ||    86
Dodge: Dodged            |    25 |   142 |   389 |   107 ||   663

Table legend:
 A = Non-vault XP
 B = Vault XP
 C = Vault XP percentage of total XP
 D = Non-vault monster count
 E = Vault monster count
 F = Vault count percentage of total count
                 A         B        C        D         E       F
            +---------+---------+-------+---------+---------+-------
      Total |    6418 |    5586 |  46.5 |     214 |      92 |  30.1
            +---------+---------+-------+---------+---------+-------
        D:1 |      28 |       0 |   0.0 |      16 |       0 |   0.0
        D:2 |      67 |       0 |   0.0 |      19 |       0 |   0.0
        D:3 |     171 |       0 |   0.0 |      32 |       0 |   0.0
        D:4 |     129 |       0 |   0.0 |      21 |       0 |   0.0
        D:5 |     350 |      94 |  21.2 |      13 |       1 |   7.1
        D:6 |     955 |     437 |  31.4 |      34 |       3 |   8.1
        D:7 |    1572 |       0 |   0.0 |      33 |       0 |   0.0
        D:8 |    2241 |    4144 |  64.9 |      30 |      28 |  48.3
        D:9 |     892 |     629 |  41.4 |      15 |       1 |   6.2
     Temple |      13 |       0 |   0.0 |       1 |       0 |   0.0
    Ossuary |       0 |     282 | 100.0 |       0 |      59 | 100.0
            +---------+---------+-------+---------+---------+-------
